 Dungeon Crawl Stone Soup version 0.18-a0-1140-g8540535 (webtiles) character file.

2762 homeworkjunkie the Cleaver (level 9, -1/81 HPs)
             Began as a Hill Orc Gladiator on Jan 21, 2016.
             Was an Elder of Okawaru.
             Slain by an orc warrior
             ... wielding a +0 war axe
              (14 damage)
             ... on level 6 of the Dungeon.
             The game lasted 00:14:01 (6479 turns).

homeworkjunkie the Cleaver (Hill Orc Gladiator)     Turns: 6479, Time: 00:14:02

Health: -1/81      AC: 15    Str: 21    XL:     9   Next: 69%
Magic:  11/11      EV:  9    Int: 13    God:    Okawaru [****..]
Gold:   203        SH:  0    Dex: 11    Spells: 0 memorised, 8 levels left

rFire  . . .     SeeInvis .     a - +1 war axe
rCold  . . .     Gourm    .     k - +0 chain mail (curse)
rNeg   . . .     Faith    +     (no shield)
rPois  .         Spirit   .     c - +1 helmet
rElec  .         Dismiss  .     (no cloak)
rCorr  .         Reflect  .     (no gloves)
SustAt .         Harm     .     e - +1 pair of boots
MR     .....                    n - amulet of faith
Stlth  ..........               (no ring)
                                (no ring)

@: brilliant, lethally poisoned (-1 -> -7), flying, very slightly contaminated,
hasted, invisible, very quick, not resistant to hostile enchantments, extremely
unstealthy
A: no striking features
a: Heroism, Renounce Religion


You were on level 6 of the Dungeon.
You worshipped Okawaru.
Okawaru was greatly pleased with you.
You were not hungry.

You visited 1 branch of the dungeon, and saw 8 of its levels.

You collected 203 gold pieces.

Inventory:

Hand Weapons
 a - a +1 war axe (weapon)
 h - a +1 short sword of freezing
Armour
 c - a +1 helmet (worn)
 e - a +1 pair of boots (worn)
 k - a cursed +0 chain mail (worn)
 w - a +0 plate armour
Jewellery
 b - an uncursed amulet of guardian spirit
 n - an amulet of faith (around neck)
Wands
 d - a wand of disintegration (0/24)
 f - a wand of frost (0/48)
Scrolls
 j - a scroll of magic mapping {unknown}
 l - 3 scrolls of teleportation
 u - a scroll of blinking
Potions
 g - a potion of cancellation
 i - a potion of haste
 r - 4 potions of cure mutation
Comestibles
 p - 2 bread rations
 q - 2 meat rations


   Skills:
 * Level 7.9 Fighting
 * Level 10.4 Axes
 + Level 2.0 Throwing
 * Level 6.8 Armour
 * Level 4.5 Dodging
 + Level 0.1 Stealth
 * Level 2.7 Evocations


You had 8 spell levels left.
You didn't know any spells.

Dungeon Overview and Level Annotations

Branches:
Dungeon (8/15)
 Temple: D:4-7         Lair: D:8-11

Altars:
Ashenzari
Cheibriados
Fedhas
Kikubaaqudgha
Makhleb
Nemelex Xobeh
Okawaru
Pakellas
Qazlal
Sif Muna
Trog
Yredelemnul
Zin

Shops:
D:4 (}[=*   D:5 (   D:8 !


Message History

Okawaru accepts your kill.
You catch the helpless orc warrior completely off-guard!
You hit the orc warrior.
The orc warrior is lightly wounded.
You feel sick. The orc warrior closely misses you.
You slash the orc warrior!
The orc warrior is heavily wounded.
You slash something!
You feel sick. Something hits you but does no damage.
You closely miss the orc warrior.
The orc warrior is heavily wounded.
You hit something.
You feel sick. The orc warrior closely misses you.
You completely miss something.
You hit the orc warrior but do no damage.
The orc warrior is heavily wounded.
Something hits you but does no damage.
You closely miss the orc warrior.
The orc warrior is heavily wounded.
You miss something.
You feel sick.
The orc warrior hits you with a war axe!
You die...

#.##.......)#
#.##........#
#.##......### ##
#.##......# #..
#.##......# ...
#.##...<..# ..
#.##......#
...##.##.##......#
......†@o######+##
########{# #oo#


#ooo. #.##.. #.# .... #.# ... .# .. You could see an orc warrior, 2 orc priests
and 3 orcs.

Vanquished Creatures
  The ghost of namelastname112 the Ruffian, an amateur VSMo (D:4)
  4 yaks (D:4)
  A hippogriff (D:7)
  2 water moccasins
  An ice beast (D:6)
  3 phantoms
  2 centaurs (D:5)
  A big kobold (D:7)
  A giant frog (D:8)
  2 scorpions
  4 wights (D:5)
  A crimson imp (D:5)
  A giant frog zombie (D:5)
  A hound (D:4)
  2 jellies
  2 centaur skeletons (D:5)
  3 iguanas
  4 orc wizards
  Natasha (twice) (D:3)
  3 worker ants (D:4)
  2 hound zombies
  A hound skeleton (D:5)
  A worker ant zombie (D:5)
  7 adders
  2 shadow imps (D:5)
  2 oozes (D:1)
  3 worms
  5 giant geckos
  16 orcs
  3 giant cockroaches
  7 goblins
  14 hobgoblins
  12 jackals
  11 kobolds
  5 quokkas
  2 ball pythons
  9 bats
  A giant gecko skeleton (D:4)
  A giant gecko zombie (D:5)
  6 giant newts
  A quokka skeleton (D:4)
  8 rats
  A spectral orc (D:4)
161 creatures vanquished.

Notes
Turn   | Place    | Note
--------------------------------------------------------------
     0 | D:1      | homeworkjunkie the Hill Orc Gladiator began the quest for the Orb.
     0 | D:1      | Reached XP level 1. HP: 18/18 MP: 1/1
   221 | D:2      | Reached XP level 2. HP: 11/25 MP: 2/2
   476 | D:3      | Found an iron altar of Okawaru.
   477 | D:3      | Found a bloodstained altar of Trog.
   483 | D:3      | Became a worshipper of Warmaster Okawaru
   509 | D:4      | Reached XP level 3. HP: 8/30 MP: 3/3
   936 | D:4      | Found Jipreuma's General Store.
   950 | D:4      | Reached XP level 4. HP: 31/38 MP: 4/4
  1204 | D:4      | Found Leplanoe's Jewellery Emporium.
  1217 | D:4      | Found Muil's Armour Boutique.
  1234 | D:4      | Found Niulom's Gadget Boutique.
  1274 | D:3      | Found a deep blue altar of Sif Muna.
  1295 | D:3      | Noticed Natasha
  1303 | D:3      | Killed Natasha
  1303 | D:3      | Reached skill level 5 in Axes
  1303 | D:3      | Reached skill level 1 in Armour
  1489 | D:2      | Found a snail-covered altar of Cheibriados.
  1738 | D:2      | Found an oddly glowing altar of Pakellas.
  1741 | D:2      | Reached XP level 5. HP: 45/45 MP: 5/5
  2575 | D:3      | Found an ancient bone altar of Kikubaaqudgha.
  2575 | D:3      | Noticed a human
  2702 | D:3      | Noticed Natasha
  2706 | D:3      | Killed Natasha
  2706 | D:3      | Reached * piety under Okawaru
  2850 | D:3      | Found a blossoming altar of Fedhas.
  2850 | D:3      | Found a sparkling altar of Nemelex Xobeh.
  2856 | D:3      | Found a stormy altar of Qazlal.
  2945 | D:5      | Entered Level 5 of the Dungeon
  3090 | D:1      | Reached XP level 6. HP: 52/52 MP: 6/6
  3429 | D:1      | Reached skill level 6 in Axes
  3695 | D:4      | Noticed a phantom
  3698 | D:4      | Noticed a phantom
  3725 | D:4      | Killed a phantom
  3748 | D:4      | Killed a phantom
  3748 | D:4      | Reached skill level 7 in Axes
  3748 | D:4      | Reached XP level 7. HP: 24/60 MP: 7/7
  3928 | D:4      | Noticed namelastname112's ghost (amateur VSMo)
  3941 | D:4      | Killed namelastname112's ghost
  4199 | D:4      | Reached skill level 5 in Fighting
  4599 | D:4      | Found Maol's Weapon Boutique.
  4618 | D:4      | Noticed a yak
  4618 | D:4      | Noticed a yak
  4618 | D:4      | Noticed a yak
  4618 | D:4      | Noticed a yak
  4630 | D:4      | Killed a yak
  4630 | D:4      | Reached ** piety under Okawaru
  4630 | D:4      | Reached skill level 8 in Axes
  4630 | D:4      | Reached XP level 8. HP: 54/69 MP: 8/8
  4641 | D:4      | Killed a yak
  4641 | D:4      | Reached skill level 1 in Evocations
  4646 | D:4      | Killed a yak
  4650 | D:4      | Killed a yak
  4650 | D:4      | Reached *** piety under Okawaru
  4650 | D:4      | Reached skill level 5 in Armour
  4905 | D:4      | Found a basalt altar of Yredelemnul.
  5139 | D:6      | Reached skill level 9 in Axes
  5255 | D:5      | Found a burning altar of Makhleb.
  5257 | D:5      | Found a glowing silver altar of Zin.
  5257 | D:5      | Noticed an angel
  5257 | D:5      | Noticed a blizzard demon
  5323 | D:5      | Found Byoczougri's Antique Weapon Shop.
  5408 | D:5      | Reached XP level 9. HP: 72/79 MP: 10/10
  5442 | D:5      | Reached **** piety under Okawaru
  5873 | D:5      | Found a bloodstained altar of Trog.
  5932 | D:5      | You fall through a shaft for 3 floors!
  6068 | D:8      | Found Kuaheun's Distillery.
  6100 | D:7      | Found a shattered altar of Ashenzari.
  6150 | D:7      | Reached skill level 10 in Axes
  6479 | D:6      | Slain by an orc warrior

Vault maps used:
D:1:      ncdulo_watergridlock
D:2:      cheibriados_altar_1, overflow_temple_1_default, minmay_misc_feat_five
D:3:      gammafunk_temple_overflow_statue, nicolae_overflow_crystal_walls,
          minitemple, first_bread, tgw_kikubaaqudgha, uniq_natasha
D:4:      yredelemnul_forgotten_temple_becter, serial_shops,
          nicolae_shop_behind_doors, shop, kennysheep_mini, shop, shop
D:5:      grunt_temple_overflow_order_and_chaos_2, serial_shops, shop,
          grunt_ministairs_6, trog_three_pillars_becter
D:6:      minivault_5
D:7:      ashenzari_altar_1, gammafunk_temple_overflow_pools, temple_doors_e,
          uniq_menkaure
D:8:      lemuel_crystal_altar, basic_altar, serial_shops, shop, grunt_livestock

Action                   |  1- 3 |  4- 6 |  7- 9 || total
-------------------------+-------+-------+-------++-------
Melee: War axe           |    42 |   262 |   316 ||   620
Evoke: Wand              |       |       |    13 ||    13
  Use: Scroll            |     2 |       |     8 ||    10
       Potion            |       |     3 |    10 ||    13
 Stab: Invisible         |       |       |     1 ||     1
  Eat: Pizza             |     1 |       |       ||     1
       Bread ration      |       |     2 |     1 ||     3
       Beef jerky        |       |     1 |       ||     1
       Meat ration       |       |       |     1 ||     1
       Fruit             |       |       |     1 ||     1
